 Dungeon Crawl Stone Soup version 0.25-a0-164-gb55e97dba5 (webtiles) character file.

Game seed: 16231406112597874499, levelgen mode: deterministic

28 mortelune the Firebug (level 3, 0/25 HPs)
             Began as a Demonspawn Fire Elementalist on Nov 22, 2019.
             Slain by a worker ant (5 damage)
             ... on level 2 of the Dungeon.
             The game lasted 00:03:09 (1618 turns).

mortelune the Firebug (DsFE)                        Turns: 1618, Time: 00:03:09

Health: 0/25       AC:  2    Str:  8    XL:     3   Next: 0%
Magic:  1/6        EV: 12    Int: 17    God:
Gold:   39         SH:  0    Dex: 13    Spells: 3/6 levels left

rFire    . . .     SeeInvis .   l - +0 dagger (flame)
rCold    . . .     Gourm    .   (no shield)
rNeg     . . .     Faith    .   a - +0 robe
rPois    .         Spirit   .   (no helmet)
rElec    .         Reflect  .   (no cloak)
rCorr    .         Harm     .   (no gloves)
MR       .....                  (no boots)
Stlth    +++.......             (no amulet)
HPRegen  0.08/turn              (no ring)
MPRegen  0.10/turn              (no ring)

@: no status effects
A: claws 1, nightstalker 1
a: no special abilities


You were on level 2 of the Dungeon.
You were near starving.

You visited 1 branch of the dungeon, and saw 2 of its levels.

You collected 39 gold pieces.

Inventory:

Hand Weapons
 d - a +0 hand axe
 e - a +0 dagger
 l - a +0 dagger of flaming (weapon)
Armour
 a - a +0 robe (worn)
 m - a +0 scale mail of cold resistance
Scrolls
 b - a scroll of remove curse {unknown}
 g - a scroll of teleportation {unknown}
 h - a scroll of identify {unknown}
 i - a scroll of enchant weapon {unknown}
 j - a scroll of fog {unknown}
 n - a scroll of fear {unknown}
Potions
 f - a potion of might {unknown}
 k - a potion of haste {unknown}
Comestibles
 c - 2 rations


   Skills:
 + Level 0.8 Fighting
 - Level 1.7 Dodging
 - Level 1.7 Stealth
 + Level 2.2 Spellcasting
 * Level 1.9 Conjurations
 * Level 3.1 Fire Magic


You had 3 spell levels left.
You knew the following spells:

 Your Spells              Type           Power        Failure   Level  Hunger
a - Flame Tongue          Conj/Fire      ##...        7%          1    #......
b - Throw Flame           Conj/Fire      ##....       11%         2    ###....

Your spell library contained the following spells:

 Spells                   Type           Power        Failure   Level  Hunger
 Conjure Flame            Conj/Fire      ##......     21%         3    ###....
 Inner Flame              Hex/Fire       #.......     30%         3    ###....
 Sticky Flame             Conj/Fire      ##......     56%         4    #####..
 Fireball                 Conj/Fire      ##........   88%         5    ######.


Dungeon Overview and Level Annotations

Branches:
Dungeon (2/15)

Altars:


Innate Abilities, Weirdness & Mutations

You have sharp fingernails.
You are slightly more attuned to the shadows.


Message History

The worker ant bites you.
Casting: Flame Tongue (safe; 7% risk of failure)
Confirm with . or Enter, or press ? or * to list all spells.
Aiming: Flame Tongue (safe; 7% risk of failure)
Press: ? - help, Shift-Dir - straight line, f/p - worker ant
Aim: a worker ant (heavily wounded)
The flame tongue hits the worker ant!
The worker ant is almost dead.
The worker ant bites you.
* * * LOW HITPOINT WARNING * * *
Casting: Flame Tongue (safe; 7% risk of failure)
Confirm with . or Enter, or press ? or * to list all spells.
Aiming: Flame Tongue (safe; 7% risk of failure)
Press: ? - help, Shift-Dir - straight line, f/p - worker ant
Aim: a worker ant (almost dead)
The flame tongue hits the worker ant but does no damage.
The worker ant is almost dead.
You are near starving!
The worker ant bites you.
You die...

.. ..# #.#..#
#.#..# ###.#..###
#........
.####.#.#..######
.................
........a......#
.###.#@#..##..# #
###..# #..#
#.......#
.....>.a..#
..........#
###.###.#.# ...
a.#.# .## #.#.#


You could see a worker ant.

Vanquished Creatures
  An ooze (D:1)
  A dart slug (D:1)
  3 bats (D:1)
  A giant cockroach (D:1)
  5 goblins
  2 jackals (D:1)
  3 frilled lizards (D:1)
  4 kobolds (D:1)
  2 rats (D:1)
22 creatures vanquished.

Notes
Turn   | Place    | Note
-------+----------+-------------------------------------------
     0 | D:1      | mortelune the Demonspawn Fire Elementalist began the quest
                  | for the Orb.
     0 | D:1      | Reached XP level 1. HP: 13/13 MP: 3/3
   693 | D:1      | Gained mutation: You have sharp fingernails. [demonic
                  | ancestry]
   693 | D:1      | Reached XP level 2. HP: 19/20 MP: 0/5
   697 | D:1      | Learned a level 2 spell: Throw Flame
   925 | D:1      | Reached skill level 3 in Fire Magic
  1572 | D:2      | Gained mutation: You are slightly more attuned to the
                  | shadows. [demonic ancestry]
  1572 | D:2      | Reached XP level 3. HP: 25/25 MP: 1/6
  1618 | D:2      | Slain by a worker ant

Levels and vault maps discovered:
D:1:      matt_arrival_spirals, layout_rooms,
          hangedman_abyss_or_decor_lesser_grid, minmay_cut_off
D:2:      layout_basic, nicolae_overflow_hidden_temple, uniq_crazy_yiuf_cottage,
          uniq_robin

Skill      XL: |  1  2 |
---------------+-------+-----
Fire Magic     | 3 |  3.1
Fighting       | |  0.8
Dodging        | |  1.7
Stealth        | |  1.7
Spellcasting   | |  2.2
Conjurations   | |  1.9

Action                   || total
-------------------------++-------
Melee: Unarmed           ||     6
       Dagger            ||     4
       Hand axe          ||     3
 Cast: Flame Tongue      ||    28
       Throw Flame       ||    12
 Stab: Distracted        ||     1
  Eat: Chunk             ||     2
Armor: Robe              ||     6
Dodge: Dodged            ||    11

Table legend:
 A = Non-vault XP
 B = Vault XP
 C = Vault XP percentage of total XP
 D = Non-vault monster count
 E = Vault monster count
 F = Vault count percentage of total count
                 A         B        C        D         E       F
            +---------+---------+-------+---------+---------+-------
      Total |      38 |       3 |   7.3 |      20 |       2 |   9.1
            +---------+---------+-------+---------+---------+-------
        D:1 |      38 |       1 |   2.6 |      20 |       1 |   4.8
        D:2 |       0 |       2 | 100.0 |       0 |       1 | 100.0
            +---------+---------+-------+---------+---------+-------
